 Dungeon Crawl Stone Soup version 0.32-a0-329-ge6c31236d6 (webtiles) character file.

Game seed: 10876638821201810412

1166 AlmostDecent the Chiller (level 8, 0/49 (58) HPs)
             Began as a Gnoll Ice Elementalist on Feb 16, 2024.
             Was an Initiate of Vehumet.
             Slain by a wight
             ... wielding a +4 trident
              (8 damage)
             ... on level 6 of the Dungeon.
             The game lasted 00:16:07 (6183 turns).

AlmostDecent the Chiller (Gnoll Ice Elementalist)   Turns: 6183, Time: 00:16:07

HP:   0/49 (58)     AC:  4    Str:  7    XL:     8   Next: 40%
MP:   14/17         EV: 15    Int: 17    God:    Vehumet [......]
Gold: 235           SH:  0    Dex: 19    Spells: 8/19 levels left

rFire   . .          .
                       - Unarmed
rCold   . . .        (no shield)
rNeg    . . .        a - +0 robe
rPois   .            (no helmet)
rElec   .            (no cloak)
rCorr   .            o - +0 pair of gloves
SInv    .            e - +0 pair of boots
Will    +....        (no amulet)
Stlth   +++          k - +6 ring of dexterity
HPRegen 0.28/turn    r - ring of willpower
MPRegen 0.15/turn

%: no passive effects
@: freezing walls, heavily drained
A: fangs 1, strong nose, distributed training
a: Renounce Religion


You were on level 6 of the Dungeon.
You worshipped Vehumet.
Vehumet was noncommittal.
You visited 2 branches of the dungeon, and saw 7 of its levels.

You collected 235 gold pieces.

Inventory:

Armour
 a - a +0 robe (worn)
 e - a +0 pair of boots (worn)
 o - a +0 pair of gloves (worn)
Jewellery
 k - a +6 ring of dexterity (left hand)
 r - a ring of willpower (right hand)
 u - a ring of magical power
Talismans
 l - a talisman of death
 w - a granite talisman
Wands
 s - a wand of mindburst (13)
Scrolls
 d - 4 scrolls of blinking
Potions
 b - a potion of magic
 c - 2 potions of attraction {unknown}
 g - 3 potions of curing
 h - a potion of degeneration {unknown}
 i - a potion of resistance {unknown}
 j - 2 potions of enlightenment {unknown}
 m - a potion of haste {unknown}
 n - 2 potions of lignification {unknown}
 p - a potion of cancellation {unknown}


   Skills:
 + Level 3.3 Fighting
 + Level 3.3 Short Blades
 + Level 3.3 Long Blades
 + Level 3.3 Axes
 + Level 3.3 Maces & Flails
 + Level 3.3 Polearms
 + Level 3.3 Staves
 + Level 3.3 Ranged Weapons
 + Level 3.3 Throwing
 + Level 3.3 Armour
 + Level 5.7 Dodging
 + Level 5.4 Stealth
 + Level 3.3 Shields
 + Level 3.3 Unarmed Combat
 + Level 6.1 Spellcasting
 + Level 2.7 Conjurations
 + Level 2.7 Hexes
 + Level 2.7 Summonings
 + Level 2.7 Necromancy
 + Level 2.7 Translocations
 + Level 2.7 Fire Magic
 + Level 7.7 Ice Magic
 + Level 2.7 Air Magic
 + Level 2.7 Earth Magic
 + Level 2.7 Alchemy
 + Level 3.7 Invocations
 + Level 3.3 Evocations
 + Level 3.0 Shapeshifting


You had 8 spell levels left.
You knew the following spells:

 Your Spells              Type           Power      Damage    Failure   Level
a - Freeze                Ice            100%       1d10      1%          1
b - Frozen Ramparts       Ice            62%        1d10      1%          3
c - Ozocubu's Armour      Ice            31%        N/A       1%          3
d - Summon Ice Beast      Ice/Summ       23%        N/A       4%          3
e - Sandblast             Erth           28%        2d8       4%          1

Your spell library contained the following spells:

 Spells                   Type           Power      Damage    Failure   Level
 Magic Dart               Conj           56%        1d5       4%          1
 Shock                    Conj/Air       56%        1d6       4%          1
 Blink                    Tloc           28%        N/A       6%          2
 Call Imp                 Summ           28%        N/A       6%          2
 Mercury Vapours          Alch/Air       28%        N/A       6%          2
 Passwall                 Erth           14%        N/A       12%         3
 Stone Arrow              Conj/Erth      28%        3d8       12%         3
 Airstrike                Air            7%         2d(1-17)  38%         4
 Brom's Barrelling Bould  Conj/Erth      14%        2d4       38%         4
 Flame Wave               Conj/Fire      14%        2d6       38%         4


Dungeon Overview and Level Annotations

Branches:
Dungeon (6/15)             Temple (1/1) D:4

Altars:
Ashenzari
Dithmenos
Elyvilon
Fedhas
Hepliaklqana
Kikubaaqudgha
Makhleb
Nemelex Xobeh
Qazlal
Ru
Sif Muna
Trog
Uskayaw
Vehumet
Wu Jian
Xom
Yredelemnul
Zin


Innate Abilities, Weirdness & Mutations

You have very sharp teeth.
Your uncanny sense of smell can sniff out nearby items.
Your experience applies equally to all skills.


Message History

The wight hits you with a +2 hand axe.
You feel drained.
The wight hits your ice beast with a +2 hand axe.
The wall freezes the wight but does no damage.
The wight barely misses you.
Your ice beast barely misses the wight.
Casting: Sandblast (safe; 4% risk of failure)
Confirm with . or Enter, or press ? or * to list all spells.
You don't have enough magic to cast this spell.
Casting: Sandblast (safe; 4% risk of failure)
Confirm with . or Enter, or press ? or * to list all spells.
You don't have enough magic to cast this spell.
Magic courses through your body.
The wight resists.
The wall freezes the wight.
The wight completely resists.
The wall freezes the wight but does no damage.
The wight hits you with a +2 hand axe.
You feel drained.
The wight hits your ice beast but does no damage.
The wight resists.
The wall freezes the wight.
The wight hits you from afar with a +4 trident!
* * * LOW HITPOINT WARNING * * *
Your ice beast hits the wight but does no damage.
You feel better.
The wight resists.
The wall freezes the wight.
The wight completely resists.
The wall freezes the wight but does no damage.
The wight hits your ice beast with a +2 hand axe!
Your ice beast dies!
Your ice beast disappears in a puff of smoke!
The wight misses you.
The wall freezes the wight but does no damage.
The wight misses you.
Casting: Sandblast (safe; 4% risk of failure)
Confirm with . or Enter, or press ? or * to list all spells.
A chill wind blows around you.
The wall freezes the wight but does no damage.
The wight resists.
The wall freezes the wight.
The wight hits you with a +2 hand axe!
* * * LOW HITPOINT WARNING * * *
You feel drained.
* * * LOW HITPOINT WARNING * * *
The wight resists.
The wall freezes the wight.
The wight hits you from afar with a +4 trident!
You die...

######...........†#
∆
.................#
.................#
......†..........#
.####.##.####....#
####.##.####....#
#.......Y.......#
#...............#
#......@z.......#
#######§####....#
####.####z#######+#
#........z.......
#................
#................
#................
#.....###..#...?..
####.. ##########


You could see 3 wights and a friendly ice beast (summoned).

Vanquished Creatures
  An ogre (D:6)
  2 black bears
  A centaur (D:5)
  A phantom (D:5)
  A scorpion (D:5)
  2 bombardier beetles
  3 hounds
  3 jellies
  A gnoll bouda (D:4)
  2 iguanas
  Ijyb (D:4)
  8 adders
  7 gnolls
  4 ufetubi
  7 dart slugs
  2 ribbon worms
  3 orcs (D:3)
  4 endoplasms
  2 giant cockroaches
  4 goblins
  9 hobgoblins
  5 jackals (D:1)
  6 kobolds
  3 quokkas
  11 ball pythons
  8 bats
  4 frilled lizards
  11 rats
116 creatures vanquished.

Notes
Turn   | Place    | Note
-------+----------+-------------------------------------------
     0 | D:1      | AlmostDecent the Gnoll Ice Elementalist began the quest for
                  | the Orb.
     0 | D:1      | Reached XP level 1. HP: 13/13 MP: 6/6
    74 | D:1      | Reached XP level 2. HP: 18/19 MP: 3/7
   229 | D:1      | Reached skill level 5 in Spellcasting
   229 | D:1      | Reached XP level 3. HP: 22/25 MP: 1/9
   524 | D:1      | Reached skill level 1 in Invocations
   743 | D:1      | Reached skill level 1 in Fighting
   743 | D:1      | Reached skill level 1 in Short Blades
   743 | D:1      | Reached skill level 1 in Long Blades
   743 | D:1      | Reached skill level 1 in Axes
   743 | D:1      | Reached skill level 1 in Maces & Flails
   743 | D:1      | Reached skill level 1 in Polearms
   743 | D:1      | Reached skill level 1 in Staves
   743 | D:1      | Reached skill level 1 in Ranged Weapons
   743 | D:1      | Reached skill level 1 in Throwing
   743 | D:1      | Reached skill level 1 in Armour
   743 | D:1      | Reached skill level 1 in Shields
   743 | D:1      | Reached skill level 1 in Unarmed Combat
   743 | D:1      | Reached skill level 1 in Evocations
   773 | D:1      | Learned a level 3 spell: Frozen Ramparts
   777 | D:1      | Learned a level 3 spell: Ozocubu's Armour
   781 | D:1      | Learned a level 3 spell: Summon Ice Beast
  1472 | D:2      | Reached skill level 1 in Shapeshifting
  1472 | D:2      | Reached XP level 4. HP: 26/32 MP: 7/11
  1630 | D:2      | Found an ornate altar of the Wu Jian Council.
  1684 | D:2      | Reached skill level 1 in Conjurations
  1684 | D:2      | Reached skill level 1 in Hexes
  1684 | D:2      | Reached skill level 1 in Summonings
  1684 | D:2      | Reached skill level 1 in Necromancy
  1684 | D:2      | Reached skill level 1 in Translocations
  1684 | D:2      | Reached skill level 1 in Fire Magic
  1684 | D:2      | Reached skill level 1 in Air Magic
  1684 | D:2      | Reached skill level 1 in Earth Magic
  1684 | D:2      | Reached skill level 1 in Alchemy
  2500 | D:3      | Reached XP level 5. HP: 37/37 MP: 5/12
  3459 | D:3      | Reached XP level 6. HP: 44/44 MP: 11/13
  3668 | D:4      | Reached skill level 5 in Dodging
  4163 | D:4      | Noticed Ijyb
  4169 | D:4      | Killed Ijyb
  4246 | D:4      | Got the Catalogue of the Fuming Volcano
  4251 | D:4      | Found a stormy altar of Qazlal.
  4300 | D:4      | Learned a level 1 spell: Sandblast
  4343 | D:4      | Found a shimmering blue altar of Sif Muna.
  4421 | D:4      | Reached XP level 7. HP: 48/50 MP: 11/15
  4527 | D:4      | Found a staircase to the Ecumenical Temple.
  4536 | Temple   | Entered the Ecumenical Temple
  4549 | Temple   | Became a worshipper of Vehumet
  4600 | D:5      | Entered Level 5 of the Dungeon
  4676 | D:5      | Reached skill level 5 in Stealth
  5213 | D:5      | Reached XP level 8. HP: 54/58 MP: 10/16
  6183 | D:6      | Slain by a wight

Illustrated notes

Levels and vault maps discovered:
D:1:      dpeg_arrival_shrine, layout_basic, chequers_avenue
D:2:      layout_loops_ring, basic_altar, serial_bayou_pond_c, glass_columns_b
D:3:      layout_loops_corners
D:4:      layout_basic, nicolae_sif_muna_little_library,
          nicolae_qazlal_eye_of_the_storm, minmay_temple_entry_junction,
          uniq_ijyb
D:5:      layout_basic, nicolae_the_louvre
D:6:      layout_gridville, grunt_temple_overflow_open, dreamdust_wishing_well
Temple:   nicolae_temple_superstar

Skill      XL: |  1  2  3  4  5  6  7  8 |
---------------+-------------------------+-----
Spellcasting   | 5 6 |  6.1
Invocations    | 1 2 3 |  3.7
Fighting       | 1 2 3 |  3.3
Short Blades   | 1 2 3 |  3.3
Long Blades    | 1 2 3 |  3.3
Axes           | 1 2 3 |  3.3
Maces & Flails | 1 2 3 |  3.3
Polearms       | 1 2 3 |  3.3
Staves         | 1 2 3 |  3.3
Ranged Weapons | 1 2 3 |  3.3
Throwing       | 1 2 3 |  3.3
Armour         | 1 2 3 |  3.3
Shields        | 1 2 3 |  3.3
Unarmed Combat | 1 2 3 |  3.3
Evocations     | 1 2 3 |  3.3
Shapeshifting  | 1 2 3 |  3.0
Conjurations   | 1 2 |  2.7
Hexes          | 1 2 |  2.7
Summonings     | 1 2 |  2.7
Necromancy     | 1 2 |  2.7
Translocations | 1 2 |  2.7
Fire Magic     | 1 2 |  2.7
Air Magic      | 1 2 |  2.7
Earth Magic    | 1 2 |  2.7
Alchemy        | 1 2 |  2.7
Dodging        | 5 |  5.7
Stealth        | 5 |  5.4
Ice Magic      | |  7.7

Action                     |  1- 3 |  4- 6 |  7- 9 || total
---------------------------+-------+-------+-------++-------
  Melee: Unarmed           |    20 |    50 |     5 ||    75
         Bite              |     1 |     6 |     1 ||     8
         Punch             |       |     2 |       ||     2
   Cast: Freeze            |    40 |   107 |    63 ||   210
         Frozen Ramparts   |       |     3 |    10 ||    13
         Summon Ice Beast  |       |     1 |     5 ||     6
         Ozocubu's Armour  |       |     1 |     1 ||     2
         Sandblast         |       |       |     6 ||     6
    Use: Scroll            |       |     2 |     4 ||     6
         Potion            |       |     1 |     3 ||     4
   Stab: Sleeping          |     1 |     7 |       ||     8
         Distracted        |       |       |     1 ||     1
 Armour: Robe              |    27 |    60 |    48 ||   135
  Dodge: Dodged            |    36 |    95 |    81 ||   212

Table legend: (Time is in decaauts)
 A = Elapsed time spent in this place.
 B = Non-inter-level travel time spent in this place.
 C = Inter-level travel time spent in this place.
 D = Time resting spent in this place.
 E = Time spent auto-exploring this place.
 F = Levels seen in this place.
 G = Mean time per level.
                   A        B        C        D        E       F      G
               +--------+--------+--------+--------+--------+-----+--------+
         Total |   6189 |   6068 |    121 |      0 |   5176 |   7 |  884.1 |
       Dungeon |   6162 |   6053 |    109 |      0 |   5176 |   6 | 1027.0 |
        Temple |     26 |     14 |     12 |      0 |      0 |   1 |   26.0 |
               +--------+--------+--------+--------+--------+-----+--------+

Top non-repeatable levels by time:
     D:1: 1456 daAuts
     D:5: 1195 daAuts
     D:3: 1183 daAuts
     D:4: 974 daAuts
     D:2: 963 daAuts
     D:6: 389 daAuts
  Temple: 26 daAuts
